 Dungeon Crawl Stone Soup version 0.31-a0-963-ga325b2283a (webtiles) character file.

Game seed: 11732030061135712185

43836 Newt the Spear-Bearer (level 14, -8/103 HPs)
             Began as a Merfolk Gladiator on Oct 25, 2023.
             Was a High Priest of Hepliaklqana.
             Mangled by a shock serpent (14 damage)
             ... on level 15 of the Dungeon.
             The game lasted 00:19:15 (15012 turns).

Newt the Spear-Bearer (Merfolk Gladiator)          Turns: 15012, Time: 00:19:16

Health: -8/103     AC: 11    Str: 18    XL:     14   Next: 26%
Magic:  23/26      EV: 15    Int:  9    God:    Hepliaklqana [*****.]
Gold:   255        SH: 21    Dex: 15    Spells: 26/29 levels left

rFire   + . .        H - +8 spear (heavy)
rCold   . . .        O - +6 tower shield {rN+}
rNeg    + . .        z - +2 leather armour of the Unicorn {rPois Regen+}
rPois   +            e - +0 helmet {SInv}
rElec   .            (no cloak)
rCorr   .            (no gloves)
SInv    +            E - +0 pair of boots
Will    +....        (no amulet)
Stlth   +++          K - +4 ring of protection
HPRegen 1.17/turn    x - ring of protection from fire
MPRegen 0.20/turn

%: no passive effects
@: mighty
A: reduced essence, (nimble swimmer 2), mertail
a: Renounce Religion, Recall Ancestor, Ancestor Identity, Transference, Idealise


You were on level 15 of the Dungeon.
You worshipped Hepliaklqana.
Hepliaklqana was extremely pleased with you.
You visited 2 branches of the dungeon, and saw 16 of its levels.

You collected 997 gold pieces.
You spent 742 gold pieces at shops.

Inventory:

Hand Weapons
 a - a +0 trident of venom
 d - a +6 vampiric scythe
 G - a +4 spear
 H - a +8 heavy spear (weapon)
Missiles
 j - 10 javelins
Armour
 b - a +0 leather armour
 c - a +1 helmet
 e - a +0 helmet of see invisible (worn)
 p - the +1 robe of Muttered Phrases {Will+ Dex+2}
   (You found it on level 2 of the Dungeon)

   Dex+2:     It affects your dexterity (+2).
   Will+:     It increases your willpower.
 y - a +3 ring mail of cold resistance
 z - the +2 leather armour of the Unicorn (worn) {rPois Regen+}
   (You bought it in a shop on level 5 of the Dungeon)

   rPois:     It protects you from poison Regen+: It increases your rate of
   health regeneration.
 E - a +0 pair of boots (worn)
 O - a +6 tower shield of positive energy (worn)
Jewellery
 s - a +6 ring of dexterity
 w - a ring of positive energy
 x - a ring of protection from fire (right hand)
 A - a ring of ice
 K - a +4 ring of protection (left hand)
 P - a ring of ice
Wands
 r - a wand of roots (40)
 C - a wand of mindburst (5)
 J - a wand of charming (4)
 N - a wand of flame (5)
Scrolls
 o - 2 scrolls of revelation
 t - a scroll of poison
 v - a scroll of immolation
 F - 4 scrolls of teleportation
 I - 6 scrolls of identify
 L - a scroll of silence
 M - a scroll of amnesia
Potions
 f - 3 potions of cancellation
 g - 2 potions of attraction
 h - 2 potions of mutation
 i - 2 potions of degeneration
 l - a potion of magic
 m - 4 potions of heal wounds
 n - 2 potions of enlightenment
 q - 5 potions of curing
 u - a potion of ambrosia
 B - 2 potions of brilliance
 D - 2 potions of lignification


   Skills:
 - Level 12.0 Fighting
 - Level 14.0 Polearms
 - Level 2.0 Throwing
 - Level 12.0 Dodging
 - Level 5.0 Stealth
 - Level 7.5 Shields
 - Level 8.2 Spellcasting
 - Level 7.2 Hexes
 - Level 8.9 Summonings
 + Level 0.0 Invocations
 - Level 5.0 Evocations


You had 26 spell levels left.
You knew the following spells:

 Your Spells              Type           Power      Damage    Failure   Level
a - Summon Guardian Gole  Hex/Summ       18%        N/A       14%         3

Your spell library contained the following spells:

 Spells                   Type           Power      Damage    Failure   Level
 Tukima's Dance           Hex            16%        N/A       21%         3
 Ensorcelled Hibernation  Hex/Ice        20%        N/A       41%         2
 Sandblast                Erth           6%         2d5       80%         1
 Blink                    Tloc           6%         N/A       90%         2
 Cigotuvi's Dreadful Rot  Necr/Pois/Air  6%         N/A       90%         2
 Passwall                 Tmut/Erth      2%         N/A       90%         2
 Static Discharge         Conj/Air       6%         3-4/arc   90%         2
 Summon Lightning Spire   Summ/Air       11%        N/A       91%         4
 Dimensional Bullseye     Hex/Tloc       5%         N/A       96%         4
 Ozocubu's Armour         Ice            3%         N/A       99%         3
 Stone Arrow              Conj/Erth      6%         3d7       99%         3
 Airstrike                Air            1%         2d(1-17)  100%        4
 Brom's Barrelling Bould  Conj/Erth      3%         2d3       100%        4
 Dispel Undead            Necr           3%         3d7       100%        4
 Flame Wave               Conj/Fire      3%         2d5       100%        4
 Iskenderun's Mystic Bla  Conj/Tloc      3%         2d3       100%        4
 Manifold Assault         Tloc           3%         N/A       100%        4
 Sticky Flame             Conj/Fire      3%         2d3       100%        4
 Metabolic Englaciation   Hex/Ice        5%         N/A       100%        5
 Death Channel            Necr           1%         N/A       100%        6
 Simulacrum               Ice/Necr       1%         N/A       100%        6
 Lehudib's Crystal Spear  Conj/Erth      1%         10d2      100%        8


Dungeon Overview and Level Annotations

Branches:
Dungeon (15/15)            Temple (1/1) D:4            Lair (0/5) D:10
    Orc (0/2) D:12         Vaults (0/5) D:13         Depths (0/4) D:15

Altars:
Ashenzari
Cheibriados
Dithmenos
Elyvilon
Fedhas
Gozag
Hepliaklqana
Kikubaaqudgha
Makhleb
Nemelex Xobeh
Okawaru
Qazlal
Ru
Sif Muna
Trog
Uskayaw
Vehumet
Wu Jian
Xom
Yredelemnul
Zin
The Shining One

Shops:
D:4 :!   D:5 [:   D:9 *(   D:11 [   D:13 ([   D:14 *

Annotations:
D:12 Lodul
D:14 3 runed translucent doors, Otiejusm's ghost, journeyman GnIE
D:15 3 runed translucent doors
Temple 2 transporters


Innate Abilities, Weirdness & Mutations

Your life essence is reduced to manifest your ancestor. (-10% HP)
((You are very nimble when in or above water. (Stealth+, EV+, Speed+++)))
Your lower body shifts to a powerful aquatic tail in water.


Message History

Could not explore, unopened runed door.
Could not explore, unopened runed door.
Unknown command.
You feel very mighty all of a sudden.
Casting: Summon Guardian Golem (dangerous; 14% risk of failure)
Press: ? - help, Q - select action, (/) - cycle Dir - look around, f - activate A guardian golem appears, shielding your allies.
You open the door.
The storm dragon breathes lightning at you.
The bolt of lightning hits the spark wasp.
The spark wasp completely resists.
The bolt of lightning misses the shock serpent.
The bolt of lightning hits you!!
The shock serpent bites you but does no damage.
You hear a shout!
You impale the shock serpent!!
The shock serpent is moderately wounded.
The shock serpent's electric aura discharges, shocking you!
The air elemental fires a burst of electricity at you.
The stunning burst hits the storm dragon but does no damage.
The stunning burst hits the spark wasp.
The spark wasp completely resists.
The stunning burst hits the shock serpent.
The shock serpent completely resists.
The stunning burst hits you!
You suddenly lose the ability to move!
Kateb misses the shock serpent.
The shock serpent bites you! The shock serpent shocks you!
* * * LOW HITPOINT WARNING * * *
You can move again.
You are too injured to fight recklessly!
Unknown command.
The air elemental fires a burst of electricity at you.
The stunning burst hits the spark wasp.
The spark wasp completely resists.
The stunning burst misses the shock serpent.
The stunning burst hits you!
You shrug off the repeated paralysis!
* * * LOW HITPOINT WARNING * * *
Kateb hits the shock serpent with a +0 flail!
The shock serpent's electric aura discharges, shocking Kateb!
The shock serpent bites you!
* * * LOW HITPOINT WARNING * * *
The shock serpent shocks you!
You die...

#........#.........Sy#..)#
####........+.E...[.....+...#
............#.....(...=.#...#
.########.#.#...........#.###
## ##....###.y.......#### #
#....## 8D......8 #...##
#...E.# #...# ###y### #...##
##@SR9.# #####....## #.#....#
#.........####.#..).#
#...........##...####
#........######..# #.......R#
#..# #........#######.#####
#.............R......#
#.............##.###.#


You could see the friendly Kateb the knight (sheltered), a spark wasp
(distracted), a shock serpent (ally target), an air elemental and a friendly
guardian golem (summoned).

Vanquished Creatures
  Frances (D:12)
  A fire giant (D:15)
  Nessos (D:14)
  Josephine (D:10)
  A vault guard (D:13)
  A rakshasa (D:12)
  5 hydras
  3 two-headed ogres
  2 centaur warriors (D:14)
  2 boulder beetles (D:14)
  4 tengu warriors
  Sonja (D:12)
  Amaemon (D:8)
  2 skeletal warriors (D:14)
  A deep elf pyromancer (D:14)
  A wolf spider (shapeshifter) (D:15)
  5 manticores
  A wolf spider (D:15)
  8 ugly things
  3 cyclopes
  A manticore (shapeshifter) (D:15)
  Maggie (D:8)
  A rime drake (shapeshifter) (D:10)
  An orange demon (D:8)
  A komodo dragon (D:10)
  A freezing wraith (D:14)
  3 kobold demonologists
  2 trolls
  A hornet (D:9)
  A hornet (shapeshifter) (D:14)
  Sigmund (D:2)
  8 slime creatures
  7 wraiths
  2 wyverns (D:9)
  A vampire (D:12)
  3 basilisks
  2 shadows (D:11)
  6 yaks
  4 vampire mosquitoes
  3 steam dragons
  Menkaure (D:5)
  2 orc warriors (D:8)
  2 ice beasts (D:6)
  A sky beast (D:7)
  A black bear (D:6)
  6 centaurs
  4 ogres
  A phantom (D:4)
  3 kobold brigands
  6 bullfrogs
  3 gnoll sergeants
  4 scorpions
  4 wights (D:9)
  11 killer bees
  An electric eel (D:13)
  A howler monkey (D:7)
  2 hounds (D:5)
  A jelly (D:7)
  3 orc priests
  2 gnoll boudas
  4 iguanas
  2 sleepcaps
  9 orc wizards
  Robin (D:3)
  22 gnolls
  7 adders
  A shadow imp (D:6)
  4 ufetubi
  3 worms
  A dart slug (D:1)
  24 orcs
  5 bats
  12 endoplasms
  5 giant cockroaches
  28 goblins
  15 hobgoblins
  11 jackals
  3 quokkas
  8 ball pythons
  16 kobolds
  7 rats
342 creatures vanquished.

Vanquished Creatures (collateral kills)
  A hydra (D:10)
  A rakshasa (D:14)
  A centaur warrior (D:15)
  3 boulder beetles (D:15)
  A tengu warrior (D:10)
  2 ugly things
  2 cyclopes
  A gargoyle (D:11)
  A troll (D:11)
  A slime creature (D:15)
  A vampire (D:11)
  2 vampire mosquitoes
  2 acid dragons
  An orc warrior (D:9)
  A gnoll sergeant (D:9)
  A wight (D:9)
  3 killer bees
  2 orc priests (D:12)
  An orc wizard (D:8)
  4 gnolls
  A white imp (D:7)
  3 orcs
  A kobold (D:11)
37 creatures vanquished.

Vanquished Creatures (others)
  A cyclops (D:14)
  10 knights
  2 orc wizards (D:9)
  An ancestor (D:8)
  2 gnolls (D:8)
  A kobold (D:8)
17 creatures vanquished.

Grand Total: 396 creatures vanquished

Notes
Turn   | Place    | Note
-------+----------+-------------------------------------------
     0 | D:1      | Newt the Merfolk Gladiator began the quest for the Orb.
     0 | D:1      | Reached XP level 1. HP: 16/16 MP: 1/1
   223 | D:1      | Reached XP level 2. HP: 24/24 MP: 2/2
   477 | D:1      | Found a faded altar of an unknown god.
   542 | D:1      | Reached XP level 3. HP: 18/30 MP: 3/3
  1113 | D:2      | Noticed Sigmund
  1483 | D:2      | Killed Sigmund
  1484 | D:2      | Reached skill level 5 in Fighting
  1484 | D:2      | Reached skill level 6 in Polearms
  1484 | D:2      | Reached XP level 4. HP: 24/39 MP: 4/4
  1484 | D:2      | Reached XP level 5. HP: 27/44 MP: 5/5
  1757 | D:2      | Reached XP level 6. HP: 51/51 MP: 6/6
  1812 | D:2      | Identified the +1 robe of Muttered Phrases {Will+ Dex+2}
  2164 | D:2      | Reached skill level 7 in Polearms
  2702 | D:3      | Noticed Robin
  2728 | D:3      | Killed Robin
  2972 | D:3      | Found a glowing golden altar of the Shining One.
  3120 | D:3      | Found a shimmering blue altar of Sif Muna.
  3181 | D:4      | Reached skill level 8 in Polearms
  3188 | D:4      | Found a staircase to the Ecumenical Temple.
  3198 | Temple   | Found a transporter.
  3198 | Temple   | Found a transporter.
  3198 | Temple   | Found a transporter.
  3198 | Temple   | Found a transporter.
  3198 | Temple   | Entered the Ecumenical Temple
  3248 | D:4      | Reached XP level 7. HP: 52/56 MP: 7/7
  3369 | D:4      | Found Ronych's Distillery.
  3386 | D:4      | Bought a potion of curing for 39 gold pieces
  3386 | D:4      | Bought a potion of heal wounds for 65 gold pieces
  3386 | D:4      | Bought a potion of heal wounds for 65 gold pieces
  3427 | D:4      | Reached skill level 9 in Polearms
  3619 | D:4      | Found a shimmering altar of Xom.
  3697 | D:4      | Found Rutitsi's Self-Published Books.
  3932 | D:4      | Found a white marble altar of Elyvilon.
  4003 | D:5      | Entered Level 5 of the Dungeon
  4022 | D:5      | Identified the +1 dagger "Vemasuol" {freeze, rC+}
  4062 | D:5      | Reached skill level 10 in Polearms
  4274 | D:5      | Reached skill level 5 in Dodging
  4363 | D:5      | Reached XP level 8. HP: 51/62 MP: 8/8
  4611 | D:5      | Found Oguaff's Antique Armour Shop.
  4655 | D:5      | Noticed Menkaure
  4664 | D:5      | Killed Menkaure
  4846 | D:5      | Found Ihiczol's Vocational Training.
  5055 | D:6      | Reached skill level 1 in Stealth
  5127 | D:6      | Found a basalt altar of Yredelemnul.
  5484 | D:6      | Reached skill level 5 in Stealth
  5484 | D:6      | Reached XP level 9. HP: 68/68 MP: 9/9
  5570 | D:6      | Found a hazy altar of Hepliaklqana.
  5580 | D:6      | Became a worshipper of Hepliaklqana the Forgotten
  6162 | D:7      | Reached * piety under Hepliaklqana
  6316 | D:5      | Bought a twisted leather armour for 203 gold pieces
  6316 | D:5      | Identified the +2 leather armour of the Unicorn {rPois
                  | Regen+} (You bought it in a shop on level 5 of the Dungeon)
  6490 | D:7      | Found an opulent altar of Gozag.
  6490 | D:7      | Found a glowing silver altar of Zin.
  6685 | D:7      | Reached skill level 1 in Evocations
  7009 | D:8      | Noticed an orange demon
  7011 | D:8      | Noticed Amaemon
  7020 | D:8      | Killed Amaemon
  7021 | D:8      | Reached skill level 5 in Evocations
  7033 | D:8      | Killed an orange demon
  7034 | D:8      | Reached XP level 10. HP: 33/72 MP: 10/10
  7100 | D:8      | Reached skill level 11 in Polearms
  7256 | D:8      | Noticed Maggie
  7266 | D:8      | Killed Maggie
  7267 | D:8      | Reached skill level 12 in Polearms
  7303 | D:8      | Found a radiant altar of Vehumet.
  7346 | D:8      | Reached ** piety under Hepliaklqana
  7348 | D:8      | Remembered your ancestor Kateb as a knight
  7434 | D:8      | Identified the +0 robe "Cops" {Fly MP-9 Dex+8}
  7933 | D:8      | Reached skill level 13 in Polearms
  8157 | D:9      | Reached skill level 14 in Polearms
  8246 | D:9      | Found Ageheudi's General Store.
  8427 | D:9      | Reached skill level 10 in Dodging
  8550 | D:9      | Found a hide-covered altar of Uskayaw.
  8550 | D:9      | Noticed a +0 short sword
  8550 | D:9      | Noticed a +0 spear
  8551 | D:9      | Noticed a +0 spear
  8551 | D:9      | Noticed a +0 falchion
  8551 | D:9      | Noticed a +0 dagger
  8551 | D:9      | Noticed a +0 dagger
  8552 | D:9      | Noticed a +0 short sword
  8646 | D:9      | Noticed a +0 falchion
  8698 | D:9      | Reached XP level 11. HP: 74/77 MP: 11/11
  8871 | D:9      | Found Vienk's Weapon Boutique.
  9191 | D:10     | Identified the of Moud Neozak
  9191 | D:10     | Entered Level 10 of the Dungeon
  9299 | D:10     | Reached *** piety under Hepliaklqana
  9496 | D:10     | Found a snail-covered altar of Cheibriados.
  9500 | D:10     | Found a burning altar of Makhleb.
  9500 | D:10     | Found a blossoming altar of Fedhas.
  9514 | D:10     | Found a broken altar of Ashenzari.
  9524 | D:10     | Found a shadowy altar of Dithmenos.
  9713 | D:10     | Noticed a green ugly thing
  9713 | D:10     | Noticed a tengu warrior
  9714 | D:10     | Noticed a tengu warrior
  9714 | D:10     | Noticed a cyclops
  9714 | D:10     | Noticed a manticore
  9719 | D:10     | Killed a green ugly thing
  9723 | D:10     | Killed a cyclops
  9724 | D:10     | Noticed an eight-headed hydra
  9728 | D:10     | Killed a tengu warrior
  9729 | D:10     | Identified the +8 quarterstaff of Accidental Termination
                  | {flame, rPois Str+8 Int+2 Dex-3}
  9732 | D:10     | Reached skill level 10 in Fighting
  9736 | D:10     | Killed an eight-headed hydra
  9739 | D:10     | Killed a manticore
  9743 | D:10     | Killed a tengu warrior
  9952 | D:10     | Noticed a two-headed ogre
  9962 | D:10     | Killed a two-headed ogre
 10277 | D:10     | Noticed a six-headed hydra
 10285 | D:10     | Killed a six-headed hydra
 10286 | D:10     | Reached skill level 1 in Spellcasting
 10286 | D:10     | Reached skill level 1 in Summonings
 10397 | D:10     | Noticed Josephine
 10413 | D:10     | Killed Josephine
 10416 | D:10     | Reached XP level 12. HP: 51/91 MP: 12/15
 10531 | D:10     | Found a staircase to the Lair.
 10997 | D:11     | Reached **** piety under Hepliaklqana
 11530 | D:11     | Found Wyriymill's Antique Armour Shoppe.
 11534 | D:11     | Bought a glowing tower shield for 232 gold pieces
 11542 | D:12     | Identified the "Lonaritz"
 11542 | D:12     | Noticed a rakshasa
 11552 | D:12     | Reached skill level 1 in Shields
 11555 | D:12     | Killed a rakshasa
 11849 | D:12     | Found a staircase to the Orcish Mines.
 11908 | D:12     | Noticed a two-headed ogre
 11913 | D:12     | Killed a two-headed ogre
 11914 | D:12     | Reached skill level 5 in Shields
 12093 | D:12     | Noticed Sonja
 12094 | D:12     | Noticed Lodul
 12286 | D:12     | Killed Sonja
 12347 | D:12     | Noticed Frances
 12367 | D:12     | Killed Frances
 12511 | D:13     | Identified the "Uhimurae"
 12546 | D:13     | Found Demukead's Weapon Shop.
 12553 | D:13     | Learned a level 3 spell: Summon Guardian Golem
 12636 | D:13     | Found Nauxuir's Armour Boutique.
 12644 | D:13     | Bought a +0 helmet of see invisible for 138 gold pieces
 12664 | D:13     | Noticed a six-headed hydra
 12673 | D:13     | Killed a six-headed hydra
 12674 | D:13     | Reached skill level 1 in Hexes
 12674 | D:13     | Reached skill level 5 in Summonings
 12697 | D:13     | Found a gate to the Vaults.
 12697 | D:13     | Noticed a vault guard
 12697 | D:13     | Noticed a vault guard
 12697 | D:13     | Noticed a vault guard
 12698 | D:13     | Noticed a vault guard
 12698 | D:13     | Noticed a vault guard
 12698 | D:13     | Noticed a vault guard
 12698 | D:13     | Noticed a vault guard
 12698 | D:13     | Noticed a vault guard
 12712 | D:13     | Killed a vault guard
 12713 | D:13     | Reached XP level 13. HP: 61/97 MP: 20/20
 12756 | D:14     | Reached skill level 5 in Spellcasting
 12904 | D:14     | Noticed Nessos
 12916 | D:14     | Killed Nessos
 13083 | D:14     | Reached skill level 5 in Hexes
 13176 | D:14     | Identified the +9 triple sword of the Wilderness {venom,
                  | Will+}
 13234 | D:14     | Noticed Otiejusm's ghost (journeyman GnIE)
 13235 | D:14     | Found a runed translucent gate.
 13235 | D:14     | Found a runed translucent gate.
 13235 | D:14     | Found a runed translucent gate.
 13235 | D:14     | Noticed a spectral juggernaut
 13240 | D:14     | Noticed a rakshasa
 13251 | D:14     | Killed a rakshasa
 13359 | D:14     | Found a hazy altar of Hepliaklqana.
 13530 | D:14     | Found Cinoxt's General Store.
 13802 | D:15     | Entered Level 15 of the Dungeon
 13949 | D:15     | Reached XP level 14. HP: 69/103 MP: 25/25
 14024 | D:15     | Found a runed translucent door.
 14055 | D:15     | Found a runed translucent door.
 14055 | D:15     | Found a runed translucent door.
 14055 | D:15     | Found the +5 Storm Queen's Shield {shock, Fly rElec}
 14091 | D:15     | Noticed a storm dragon
 14092 | D:15     | Found a runed translucent door.
 14197 | D:15     | Reached ***** piety under Hepliaklqana
 14283 | D:15     | Found a staircase to the Depths.
 14283 | D:15     | Noticed a fire giant
 14302 | D:15     | Killed a fire giant
 15011 | D:15     | Paralysed by an air elemental for 1 turns
 15012 | D:15     | Mangled by a shock serpent

Illustrated notes

Levels and vault maps discovered:
D:1:      dpeg_arrival_central, layout_loops_ring,
          hellmonk_ecumenical_altar_pennies_from_heaven, minmay_bisected
D:2:      cheibrodos_greedy_goblins, layout_loops_corners,
          mrwooster_statue_mirror, kennysheep_generic_room_10, uniq_sigmund
D:3:      kennysheep_goblin_castle, layout_rooms,
          mainiacjoe_overflow_six_doors_small, general_overflow_altar,
          chequers_serial_rivers_micro_c
D:4:      layout_loops_cross, tgw_xom, marbit_many_paths,
          minmay_temple_entry_butterflies, serial_shops, shop,
          nicolae_custom_books
D:5:      layout_loops_corners, serial_shops, nicolae_square_shop,
          serial_bayou_pond_d, nicolae_shop_vocational, uniq_menkaure
D:6:      layout_loops_cross, kennysheep_mini, mainiacjoe_overflow_24_doors,
          chequers_jeans, grunt_ministairs_9
D:7:      layout_loops_ring, grunt_temple_overflow_gold_and_silver,
          minivault_26, kennysheep_generic_room_4
D:8:      layout_layer_cave, mainiacjoe_overflow_alcove_2, uniq_amaemon,
          uniq_maggie
D:9:      layout_basic, nicolae_uskayaw_en_pointe, serial_shops,
          nicolae_shop_tiny_statue_garden, nicolae_lakefront_shop
D:10:     minmay_the_grid_triangle_9x9_recursive_2
          [minmay_the_grid_triangle_9x9_prize_center,
          minmay_the_grid_triangle_9x9_corruption,
          minmay_the_grid_triangle_9x9_swiss_cheese,
          minmay_the_grid_triangle_9x9_intruding_spiral], layout_layer_cave,
          minmay_overflow_temple_star_hex, david_lair_shrubbed, uniq_josephine
D:11:     layout_loops_ring, serial_shops, shop, amethyst_killhole
D:12:     layout_roguey, minmay_orc_entry_temple_small, minmay_lindwurm_lava,
          uniq_frances, uniq_sonja, uniq_lodul
D:13:     layout_basic, erik_vaults_2, serial_shops, nicolae_shop_waterfront,
          nicolae_shop_bloodbath_and_beyond, shop, roadster_trireme
D:14:     layout_long_grid, nicolae_hepliaklqana_hippocampus,
          gammafunk_ghost_necromancy, serial_shops, shop, minmay_pinched_square,
          uniq_nessos
D:15:     grunt_enter_depths_giant_problem, layout_basic, serial_park_square3
          [serial_park_minivault_5x5_7], nicolae_guarded_unrand_storm_shield
Temple:   hellmonk_temple_divided_pantheon

Skill      XL: |  1  2  3  4  5  6  7  8  9 10 11 12 13 14 |
---------------+-------------------------------------------+-----
Fighting       | 3 5 8 12 | 12.0
Polearms       | 6 8 10 14 | 14.0
Dodging        | 5 9 11 12 | 12.0
Stealth        | 5 |  5.0
Evocations     | 5 |  5.0
Spellcasting   | 2 4 7 8 |  8.2
Summonings     | 2 5 8 |  8.9
Shields        | 7 |  7.5
Hexes          | 1 6 7 |  7.2
Throwing       | |  2.0

Action                     |  1- 3 |  4- 6 |  7- 9 | 10-12 | 13-15 || total
---------------------------+-------+-------+-------+-------+-------++-------
  Melee: Trident           |    80 |       |       |       |       ||    80
         Punch             |     1 |       |       |     2 |       ||     3
         Halberd           |       |   137 |   277 |   156 |       ||   570
         Spear             |       |       |       |   300 |   412 ||   712
  Throw: Throwing net      |     3 |       |     1 |     1 |       ||     5
         Javelin           |     1 |       |       |       |       ||     1
   Cast: Summon Guardian G |       |       |       |       |     1 ||     1
 Invoke: Ancestor Life: Kn |       |       |       |     1 |       ||     1
         Recall Ancestor   |       |       |       |     1 |       ||     1
  Evoke: Wand              |       |       |       |     5 |     3 ||     8
    Use: Scroll            |     3 |     2 |     7 |    16 |     1 ||    29
         Potion            |       |       |     3 |     4 |     4 ||    11
   Stab: Sleeping          |     2 |     8 |     5 |    21 |     8 ||    44
         Held in net/web   |     1 |       |       |       |       ||     1
         Distracted        |       |       |     3 |     5 |     2 ||    10
 Armour: Leather armour    |    35 |     5 |    27 |   166 |   141 ||   374
         Robe              |       |    54 |    90 |       |       ||   144
  Dodge: Dodged            |    36 |    75 |   150 |   207 |    87 ||   555
  Block: Tower shield      |       |       |       |    97 |   266 ||   363

Table legend: (Time is in decaauts)
 A = Elapsed time spent in this place.
 B = Non-inter-level travel time spent in this place.
 C = Inter-level travel time spent in this place.
 D = Time resting spent in this place.
 E = Time spent auto-exploring this place.
 F = Levels seen in this place.
 G = Mean time per level.
                   A        B        C        D        E       F      G
               +--------+--------+--------+--------+--------+-----+--------+
         Total |  14984 |  14465 |    519 |   1615 |  10248 |  16 |  936.5 |
       Dungeon |  14982 |  14464 |    518 |   1615 |  10248 |  15 |  998.8 |
        Temple |      1 |      0 |      1 |      0 |      0 |   1 |    1.0 |
               +--------+--------+--------+--------+--------+-----+--------+

Top non-repeatable levels by time:
    D:10: 1605 daAuts
     D:2: 1293 daAuts
    D:15: 1212 daAuts
     D:1: 1184 daAuts
     D:9: 1105 daAuts
    D:14: 1071 daAuts
     D:8: 1053 daAuts
     D:5: 1048 daAuts
     D:6: 1011 daAuts
    D:12: 986 daAuts
     D:7: 938 daAuts
     D:4: 840 daAuts
    D:11: 713 daAuts
     D:3: 701 daAuts
    D:13: 214 daAuts
